 Dungeon Crawl Stone Soup version 0.29.1-2-gbd0b4ee654 (webtiles) character file.

Game seed: 5816338253566556532

4737 Lutefisk the Prestidigitator (level 10, -4/75 (76) HPs)
             Began as a Gnoll Wanderer on Nov 19, 2022.
             Was a Believer of Fedhas.
             Slain by a wyvern (11 damage)
             ... on level 9 of the Dungeon.
             The game lasted 00:35:40 (7397 turns).

Lutefisk the Prestidigitator (Gnoll Wanderer)       Turns: 7397, Time: 00:35:43

HP:   -4/75 (76)    AC: 11    Str: 14    XL:     10   Next: 46%
MP:   18/18         EV: 14    Int: 12    God:    Fedhas [**....]
Gold: 530           SH:  0    Dex: 13    Spells: 19/20 levels left

rFire   . . .      SeeInvis .   J - +7 club
rCold   . . .      Faith    .   (no shield)
rNeg    . . .      Spirit   .   A - +0 steam dragon scales
rPois   +          Reflect  .   (no helmet)
rElec   .          Harm     .   (no cloak)
rCorr   .          Rampage  .   (no gloves)
Will    .....                   o - +0 pair of boots
Stlth   +++.......              w - amulet of the acrobat
HPRegen 0.22/turn               D - +4 ring of protection
MPRegen 0.16/turn               T - ring of poison resistance

@: lightly drained
A: fangs 1, strong nose, distributed training
a: Renounce Religion, Wall of Briars


You were on level 9 of the Dungeon.
You worshipped Fedhas.
Fedhas was pleased with you.
You visited 2 branches of the dungeon, and saw 11 of its levels.

You collected 684 gold pieces.
You spent 154 gold pieces at shops.

Inventory:

Hand Weapons
 a - a +2 spear
 b - a +0 long sword
 e - a +2 dagger of venom
 J - a +7 club (weapon)
 Y - a +2 rapier of speed
Missiles
 p - a boomerang of dispersal (quivered)
 t - 3 silver boomerangs
 v - 5 javelins
 O - 16 poisoned darts
 X - a curare-tipped dart
Armour
 o - a +0 pair of boots (worn)
 A - +0 steam dragon scales (worn)
 W - +0 acid dragon scales
Magical Staves
 m - a staff of conjuration
Jewellery
 d - an amulet of faith
 w - an amulet of the acrobat (around neck)
 D - a +4 ring of protection (left hand)
 S - an amulet of guardian spirit
 T - a ring of poison resistance (right hand)
 U - a ring of protection from cold
Wands
 c - a wand of polymorph (3)
 y - a wand of digging (3)
 N - a wand of roots (8)
 P - a wand of mindburst (13)
 V - a wand of paralysis (10)
Scrolls
 i - 3 scrolls of noise {unknown}
 j - 2 scrolls of enchant weapon
 l - 4 scrolls of fog
 n - a scroll of fear
 q - a scroll of brand weapon {unknown}
 r - 3 scrolls of identify {unknown}
 s - 2 scrolls of vulnerability {unknown}
 u - 5 scrolls of teleportation
 x - a scroll of poison {unknown}
 C - a scroll of blinking {unknown}
 E - 2 scrolls of magic mapping {unknown}
 F - a scroll of silence {unknown}
 H - a scroll of amnesia {unknown}
 L - 2 scrolls of summoning {unknown}
 R - 2 scrolls of immolation {unknown}
Potions
 f - a potion of ambrosia {unknown}
 g - 3 potions of mutation
 h - 4 potions of might {unknown}
 k - 3 potions of curing
 z - a potion of flight {unknown}
 B - 2 potions of degeneration {unknown}
 G - 2 potions of lignification {unknown}
 I - 2 potions of heal wounds
 K - a potion of invisibility {unknown}
 M - a potion of haste {unknown}
 Q - 2 potions of attraction {unknown}


   Skills:
 + Level 6.1 Fighting
 + Level 5.5 Short Blades
 + Level 7.2 Long Blades
 + Level 5.5 Axes
 + Level 5.5 Maces & Flails
 + Level 8.6 Polearms
 + Level 5.5 Staves
 + Level 5.5 Ranged Weapons
 + Level 5.5 Throwing
 + Level 5.5 Armour
 + Level 5.5 Dodging
 + Level 6.0 Stealth
 + Level 5.5 Shields
 + Level 5.5 Unarmed Combat
 + Level 5.5 Spellcasting
 + Level 4.5 Conjurations
 + Level 4.5 Hexes
 + Level 4.5 Summonings
 + Level 4.5 Necromancy
 + Level 4.5 Translocations
 + Level 4.5 Transmutations
 + Level 4.5 Fire Magic
 + Level 4.5 Ice Magic
 + Level 4.5 Air Magic
 + Level 4.5 Earth Magic
 + Level 4.5 Poison Magic
 + Level 6.0 Invocations
 + Level 8.6 Evocations


You had 19 spell levels left.
You knew the following spells:

 Your Spells              Type           Power      Damage    Failure   Level
a - Foxfire               Conj/Fire      56%        2x1d6     3%          1

Your spell library contained the following spells:

 Spells                   Type           Power      Damage    Failure   Level
 Shock                    Conj/Air       56%        1d6       3%          1
 Conjure Flame            Conj/Fire      14%        6-21      9%          3
 Gell's Gravitas          Tloc           14%        N/A       9%          3
 Inner Flame              Hex/Fire       14%        N/A       9%          3
 Lesser Beckoning         Tloc           14%        N/A       9%          3
 Swiftness                Air            14%        N/A       9%          3
 Teleport Other           Tloc           14%        N/A       9%          3
 Tukima's Dance           Hex            14%        N/A       9%          3
 Airstrike                Air            7%         2d(1-17)  28%         4
 Flame Wave               Conj/Fire      14%        2d6       28%         4
 Fulminant Prism          Conj/Hex       7%         3d7       28%         4
 Iskenderun's Mystic Bla  Conj/Tloc      14%        2d5       28%         4
 Passage of Golubria      Tloc           14%        N/A       28%         4
 Lee's Rapid Deconstruct  Erth           7%         3d7*      63%         5
 Yara's Violent Unravell  Hex/Tmut       7%         3d5       63%         5


Dungeon Overview and Level Annotations

Branches:
Dungeon (10/15)            Temple (1/1) D:6
   Lair: D:8-11         Orc: D:9-12

Altars:
Ashenzari
Cheibriados
Dithmenos
Elyvilon
Fedhas
Gozag
Hepliaklqana
Kikubaaqudgha
Makhleb
Nemelex Xobeh
Okawaru
Qazlal
Ru
Sif Muna
Trog
Uskayaw
Vehumet
Wu Jian
Xom
Yredelemnul
Zin
The Shining One

Shops:
D:4 !

Annotations:
D:4 1 runed translucent door, Crazy Yiuf
D:5 1 runed translucent door, erofeev's ghost, amateur OgGl
D:7 Joseph
D:8 1 runed translucent door, nshep25's ghost, novice MiFi


Innate Abilities, Weirdness & Mutations

You have very sharp teeth.
Your uncanny sense of smell can sniff out nearby items.
Your experience applies equally to all skills.


Message History

Press: ? - help, v - describe, . - travel, g - get item
Items here: )) ††.
The floor, spattered with blood.
Things that are here:
a +2 rapier of speed; 115 gold pieces; an orc corpse
Y - a +2 rapier of speed You now have 530 gold pieces (gained 115).
Items here: )) ††.
Casting: Foxfire (safe; 3% risk of failure)
Confirm with . or Enter, or press ? or * to list all spells.
You conjure some foxfire!
The wyvern hisses angrily.
The foxfire hits the wyvern but does no damage.
Your foxfire dissipates!
You hit the wyvern but do no damage.
The wyvern is poisoned.
The wyvern closely misses you.
You hit the wyvern.
The wyvern looks as sick as possible!
The wyvern is moderately wounded.
The wyvern bites you!
You barely miss the wyvern.
The wyvern is moderately wounded.
The wyvern bites you. x2
The wyvern misses you.
Items here: )) ††.
The wyvern bites you. The wyvern attacks as you move away!
The wyvern bites you!
You closely miss the wyvern.
The wyvern is severely wounded.
The wyvern bites you!
* * * LOW HITPOINT WARNING * * *
The wyvern completely misses you.
Your +2 dagger of venom stops dripping with poison.
J - a +7 club (weapon)
You completely miss the wyvern.
The wyvern is severely wounded.
The wyvern bites you!
* * * LOW HITPOINT WARNING * * *
The wyvern bites you!
You die...
Fedhas appreciates your contribution to the ecosystem.

#. ##......#...##
##.. ##.......#...#
....##.........>###
#.....####...... .
##......# ..##...
..#.......###.# ...
...........##.# ..
#.......##.##.#
##.....†).l@)##
#........#####
......#### #.....
##.... ∆ .....
..... ..#.


You could see a wyvern (very poisoned).

Vanquished Creatures
  A kobold demonologist (D:6)
  A wyvern (D:8)
  A wraith (D:9)
  Eustachio (D:4)
  8 yaks
  2 steam dragons
  2 water moccasins
  An acid dragon (D:10)
  An ice beast (D:6)
  3 sky beasts (D:7)
  An orc warrior (D:9)
  4 ogres
  2 centaurs
  2 kobold brigands
  A bullfrog (D:7)
  3 necrophages
  2 scorpions
  5 killer bees (D:8)
  2 howler monkeys
  2 hounds
  3 orc priests
  A gnoll bouda (D:6)
  3 iguanas
  3 orc wizards
  Ijyb (D:4)
  5 gnolls
  3 adders
  A shadow imp (D:5)
  2 white imps (D:5)
  3 worms (D:2)
  29 orcs
  8 ball pythons
  10 bats
  6 endoplasms
  2 giant cockroaches (D:3)
  5 goblins
  8 hobgoblins
  8 jackals
  15 kobolds
  2 quokkas
  4 frilled lizards
  3 rats
170 creatures vanquished.

Vanquished Creatures (others)
  84 foxfires
  9 plants (D:7)
  2 withered plants (D:5)
95 creatures vanquished.

Grand Total: 265 creatures vanquished

Notes
Turn   | Place    | Note
-------+----------+-------------------------------------------
     0 | D:1      | Lutefisk the Gnoll Wanderer began the quest for the Orb.
     0 | D:1      | Lutefisk set off with the following items: a +2 spear, a +0
                  | falchion, a wand of polymorph (3), a scroll of fear, a +0
                  | robe.
     0 | D:1      | Reached XP level 1. HP: 17/17 MP: 1/1
   556 | D:1      | Reached XP level 2. HP: 23/23 MP: 2/2
   862 | D:1      | Found a faded altar of an unknown god.
  1165 | D:2      | Reached XP level 3. HP: 24/28 MP: 3/3
  1236 | D:2      | Reached skill level 1 in Invocations
  1330 | D:2      | Reached skill level 1 in Short Blades
  1330 | D:2      | Reached skill level 1 in Axes
  1330 | D:2      | Reached skill level 1 in Maces & Flails
  1330 | D:2      | Reached skill level 1 in Staves
  1330 | D:2      | Reached skill level 1 in Ranged Weapons
  1330 | D:2      | Reached skill level 1 in Throwing
  1330 | D:2      | Reached skill level 1 in Armour
  1330 | D:2      | Reached skill level 1 in Dodging
  1330 | D:2      | Reached skill level 1 in Shields
  1330 | D:2      | Reached skill level 1 in Unarmed Combat
  1330 | D:2      | Reached skill level 1 in Spellcasting
  1330 | D:2      | Reached skill level 1 in Conjurations
  1330 | D:2      | Reached skill level 1 in Hexes
  1330 | D:2      | Reached skill level 1 in Summonings
  1330 | D:2      | Reached skill level 1 in Necromancy
  1330 | D:2      | Reached skill level 1 in Translocations
  1330 | D:2      | Reached skill level 1 in Transmutations
  1330 | D:2      | Reached skill level 1 in Fire Magic
  1330 | D:2      | Reached skill level 1 in Ice Magic
  1330 | D:2      | Reached skill level 1 in Air Magic
  1330 | D:2      | Reached skill level 1 in Earth Magic
  1330 | D:2      | Reached skill level 1 in Poison Magic
  1330 | D:2      | Reached XP level 4. HP: 19/34 MP: 5/5
  2053 | D:4      | Found Etusk's Distillery.
  2063 | D:4      | Bought a potion of curing for 42 gold pieces
  2063 | D:4      | Bought a potion of mutation for 112 gold pieces
  2134 | D:4      | Reached XP level 5. HP: 40/40 MP: 7/7
  2203 | D:4      | Found a basalt altar of Yredelemnul.
  2222 | D:4      | Found a runed translucent door.
  2223 | D:4      | Noticed Crazy Yiuf
  2324 | D:4      | Noticed Eustachio
  2375 | D:4      | Killed Eustachio
  2376 | D:4      | Reached skill level 5 in Long Blades
  2376 | D:4      | Reached XP level 6. HP: 27/47 MP: 8/8
  2436 | D:4      | Noticed Ijyb
  2451 | D:4      | Killed Ijyb
  2692 | D:5      | Entered Level 5 of the Dungeon
  2782 | D:5      | Reached XP level 7. HP: 35/52 MP: 10/10
  3102 | D:5      | Found a runed translucent door.
  3103 | D:5      | Noticed erofeev's ghost (amateur OgGl)
  3297 | D:6      | Reached XP level 8. HP: 57/60 MP: 12/12
  3313 | D:6      | Learned a level 1 spell: Foxfire
  3567 | D:6      | Found a staircase to the Ecumenical Temple.
  3574 | D:6      | Noticed a kobold demonologist
  3577 | Temple   | Entered the Ecumenical Temple
  3726 | Temple   | Became a worshipper of Fedhas Madash
  3790 | D:6      | Noticed a sixfirhy
  4064 | D:7      | Noticed a yak
  4064 | D:7      | Noticed a yak
  4066 | D:7      | Noticed a yak
  4116 | D:6      | Noticed a rust devil
  4117 | D:6      | Noticed an ice devil
  4118 | D:6      | Noticed a red devil
  4144 | D:6      | Killed a kobold demonologist
  4249 | D:7      | Noticed Joseph
  4275 | D:7      | Reached XP level 9. HP: 56/66 MP: 14/14
  4404 | D:6      | Reached skill level 5 in Fighting
  4600 | D:6      | Reached skill level 5 in Stealth
  4782 | D:7      | Reached skill level 5 in Invocations
  5046 | D:6      | HP: 2/68 [yak (10)]
  5890 | D:7      | Reached * piety under Fedhas
  5891 | D:7      | Reached skill level 5 in Short Blades
  5891 | D:7      | Reached skill level 5 in Axes
  5891 | D:7      | Reached skill level 5 in Maces & Flails
  5891 | D:7      | Reached skill level 5 in Staves
  5891 | D:7      | Reached skill level 5 in Ranged Weapons
  5891 | D:7      | Reached skill level 5 in Throwing
  5891 | D:7      | Reached skill level 5 in Armour
  5891 | D:7      | Reached skill level 5 in Dodging
  5891 | D:7      | Reached skill level 5 in Shields
  5891 | D:7      | Reached skill level 5 in Unarmed Combat
  5891 | D:7      | Reached skill level 5 in Spellcasting
  5891 | D:7      | Reached XP level 10. HP: 40/76 MP: 17/17
  6069 | D:7      | You fall into a shaft and drop 3 floors!
  6069 | D:10     | Entered Level 10 of the Dungeon
  6126 | D:10     | Found a white marble altar of Elyvilon.
  6810 | D:8      | Found a runed translucent door.
  6812 | D:8      | Found a shimmering altar of Xom.
  6812 | D:8      | Noticed nshep25's ghost (novice MiFi)
  6813 | D:8      | Noticed a +2 spear of chaos
  6885 | D:8      | Reached ** piety under Fedhas
  7397 | D:9      | Slain by a wyvern

Illustrated notes

Levels and vault maps discovered:
D:1:      psy_arrival_basics, layout_basic, chequers_ecumenical_altar_island,
          minmay_tromino_v4_a
D:2:      layout_basic
D:3:      layout_basic, hangedman_decor_diamond_cutter,
          chequers_serial_rivers_room_b
D:4:      layout_gridville, mainiacjoe_overflow_cross_hatched, serial_shops,
          nicolae_shop_advertising_works [nicolae_subvault_shop_adworks],
          uniq_eustachio, uniq_ijyb, uniq_crazy_yiuf_cottage
D:5:      layout_loops_ring, gammafunk_ghost_grave
D:6:      layout_basic, minmay_temple_entry_antechambers, grunt_ministairs_9
D:7:      layout_cave_pools, serial_shops, kennysheep_mini_moat,
          serial_bayou_lagoon_a, uniq_joseph
D:8:      layout_gridville, ebering_ghost_xom
D:9:      layout_cave_pools, hiddenorc1_lemuel, nicolae_shop_fire_sale
          [nicolae_sub_dead_trees], nicolae_diode_intersection
D:10:     nicolae_cairo_tiling_very_big, layout_rooms,
          nicolae_trove_entry_columns, chequers_serial_rivers_room_a,
          hangedman_feature_mirror, eino_small_chamber_without_monster
Temple:   minmay_crystal_snake_temple

Skill      XL: |  1  2  3  4  5  6  7  8  9 10 |
---------------+-------------------------------+-----
Invocations    | 1 2 3 4 5 6 |  6.0
Short Blades   | 1 2 3 5 |  5.5
Axes           | 1 2 3 5 |  5.5
Maces & Flails | 1 2 3 5 |  5.5
Staves         | 1 2 3 5 |  5.5
Ranged Weapons | 1 2 3 5 |  5.5
Throwing       | 1 2 3 5 |  5.5
Armour         | 1 2 3 5 |  5.5
Dodging        | 1 2 3 5 |  5.5
Shields        | 1 2 3 5 |  5.5
Unarmed Combat | 1 2 3 5 |  5.5
Spellcasting   | 1 2 3 5 |  5.5
Conjurations   | 1 2 3 4 |  4.5
Hexes          | 1 2 3 4 |  4.5
Summonings     | 1 2 3 4 |  4.5
Necromancy     | 1 2 3 4 |  4.5
Translocations | 1 2 3 4 |  4.5
Transmutations | 1 2 3 4 |  4.5
Fire Magic     | 1 2 3 4 |  4.5
Ice Magic      | 1 2 3 4 |  4.5
Air Magic      | 1 2 3 4 |  4.5
Earth Magic    | 1 2 3 4 |  4.5
Poison Magic   | 1 2 3 4 |  4.5
Fighting       | 3 4 5 6 |  6.1
Long Blades    | 5 6 7 |  7.2
Stealth        | 3 4 5 6 |  6.0
Polearms       | 7 8 |  8.6
Evocations     | 7 8 |  8.6

Action                   |  1- 3 |  4- 6 |  7- 9 | 10-12 || total
-------------------------+-------+-------+-------+-------++-------
Melee: Spear             |   126 |    27 |       |       ||   153
       Bite              |     8 |    20 |    24 |    18 ||    70
       Falchion          |       |    43 |       |       ||    43
       Dagger            |       |    93 |    93 |   115 ||   301
       Punch             |       |     3 |    14 |     6 ||    23
       Club              |       |    24 |   120 |    23 ||   167
Throw: Dart              |       |       |     1 |       ||     1
       Javelin           |       |       |     1 |       ||     1
       Boomerang         |       |       |     1 |       ||     1
 Cast: Foxfire           |       |       |    13 |    36 ||    49
Evoke: Wand              |       |       |     8 |     4 ||    12
  Use: Scroll            |     1 |       |     4 |     1 ||     6
 Stab: Sleeping          |     5 |     5 |     3 |     3 ||    16
       Paralysed         |       |       |     6 |     1 ||     7
Armor: Robe              |    17 |    11 |       |       ||    28
       Leather armour    |       |    57 |    52 |     1 ||   110
       Steam dragon scal |       |       |       |    38 ||    38
       Acid dragon scale |       |       |       |     2 ||     2
Dodge: Dodged            |    39 |   137 |   153 |    92 ||   421
